 Dungeon Crawl Stone Soup version bcrawl-1.12-10-g10a67aac0f (webtiles) character file.

Game seed: 3421172201175044828

4 MisterOstroum the Sneak (level 1, -1/13 HPs)
             Began as a Vampire Rogue on June 12, 2019.
             Slain by a kobold
             ... wielding a +0 short sword
              (3 damage)
             ... on level 1 of the Dungeon.
             The game lasted 00:02:35 (297 turns).

MisterOstroum the Sneak (Vampire Rogue)              Turns: 297, Time: 00:02:35

Health: -1/13      AC:  3    Str: 14    XL:     1   Next: 58%
Magic:  2/2        EV: 11    Int: 11    God:
Gold:   39         SH:  0    Dex: 14    Spells: 0/0 levels left

rFire    . . .     SeeInvis +   a - +2 dagger
rCold    . . .     Gourm    .   (no shield)
rNeg     + . .     Faith    .   c - +0 robe
rPois    .         Spirit   .   (no helmet)
rElec    .         Reflect  .   d - +0 cloak
rCorr    .         Harm     .   (no gloves)
MR       .....                  (no boots)
Stlth    ++++......             (no amulet)
HPRegen  0.04/turn              (no ring)
MPRegen  0.08/turn              (no ring)

@: no status effects
A: claws 1, fangs 3, see invisible, unbreathing
a: no special abilities


You were on level 1 of the Dungeon.
You were not thirsty.

You visited 1 branch of the dungeon, and saw 1 of its levels.

You collected 39 gold pieces.

Inventory:

Hand Weapons
 a - a +2 dagger (weapon)
 b - a +0 blowgun
Missiles
 e - 80 poisoned needles
 i - 117 stones (quivered)
Armour
 c - a +0 robe (worn)
 d - a +0 cloak (worn)
 j - +0 gold dragon scales
Wands
 f - a wand of flame (15)
 g - a wand of enslavement (15)
Scrolls
 k - a scroll of remove curse {unknown}
Potions
 h - a potion of blood


   Skills:
 + Level 0.1 Fighting
 * Level 2.9 Short Blades
 - Level 1.5 Throwing
 - Level 6.4 Stealth
 - Level 2.0 Evocations


You couldn't memorise any spells.
You didn't know any spells.
Your spell library was empty.

Dungeon Overview and Level Annotations

Branches:
Dungeon (1/12)

Altars:


Innate Abilities, Weirdness & Mutations

You have sharp fingernails.
You have razor-sharp teeth.
You have supernaturally acute eyesight. (SInv)
You can survive without breathing.


Message History

Okay, then.
Wear which item? (? for menu, Esc to quit)
You start removing your armour.
You continue taking off your +0 robe. x4
You finish taking off your +0 robe.
You start putting on your armour.
You continue putting on your gold dragon scales. x5
You finish putting on your +0 gold dragon scales.
Drop what? 10/52 slots (_ for help) (? for menu, Esc to quit)
Okay, then.
Wield which item (- for none, * to show all)? (? for menu, Esc to quit)
Okay, then.
There is an open gate here.
You see here a ration {!d}.
The giant cockroach is too close now for your liking.
You hit the giant cockroach but do no damage.
The giant cockroach bites you.
You hit the giant cockroach.
The giant cockroach is moderately wounded.
The giant cockroach bites you but does no damage.
Your gold dragon scales prevents you from hitting the giant cockroach.
The giant cockroach bites you.
Your gold dragon scales prevents you from hitting the giant cockroach.
The giant cockroach bites you but does no damage.
You hit the giant cockroach.
The giant cockroach is moderately wounded.
The giant cockroach bites you but does no damage.
Your gold dragon scales prevents you from hitting the giant cockroach.
The giant cockroach is moderately wounded.
The giant cockroach bites you.
Your gold dragon scales prevents you from hitting the giant cockroach.
The giant cockroach is moderately wounded.
The giant cockroach bites you but does no damage. x2
You hit the giant cockroach but do no damage.
The giant cockroach is moderately wounded.
The giant cockroach bites you but does no damage.
Your gold dragon scales prevents you from hitting the giant cockroach.
The giant cockroach is moderately wounded.
The giant cockroach bites you but does no damage.
You hit the giant cockroach. You bite the giant cockroach.
You kill the giant cockroach!
Wield which item (- for none, * to show all)? (? for menu, Esc to quit)
Okay, then.
Wear which item? (? for menu, Esc to quit)
You start removing your armour.
You continue taking off your +0 gold dragon scales. x4
You finish taking off your +0 gold dragon scales.
Wear which item? (? for menu, Esc to quit)
You start putting on your armour.
You continue putting on your +0 robe. x4
You finish putting on your +0 robe.
You start resting.
HP restored.
As you read the scroll labeled HEMOTS YG KEIM, it crumbles to dust.
You assume a fearsome visage.
Nothing appears to happen.
It was a scroll of fear.
i - 117 stones
k - a scroll labeled OSKOF PIEDIK A goblin comes into view.
A goblin is nearby!
Found a robe.
A frilled lizard and a hobgoblin come into view.
A rat comes into view.
The helpless goblin fails to defend itself.
You impale the goblin!!
You kill the goblin!
The helpless frilled lizard fails to defend itself.
You impale the frilled lizard!!
You kill the frilled lizard!
A hobgoblin comes into view. It is wielding a +0 club.
Found 136 stones.
A leopard gecko comes into view.
Found 171 stones.
The helpless hobgoblin fails to defend itself.
You impale the hobgoblin!!
You kill the hobgoblin!
A kobold comes into view. It is wielding a +0 dagger.
Found 5 gold pieces.
The helpless rat fails to defend itself.
You impale the rat!!
You kill the rat!
The leopard gecko hisses angrily.
The kobold shouts!
The leopard gecko bites you.
You hear a shout! x3
You barely miss the leopard gecko.
You hear an angry hiss.
The leopard gecko bites you. The kobold hits you but does no damage.
You hit the leopard gecko but do no damage.
The leopard gecko bites you. The kobold hits you with a +0 dagger.
You hit the leopard gecko.
The leopard gecko is moderately wounded.
A goblin comes into view. It is wielding a +0 dagger.
The leopard gecko bites you.
* * * LOW HITPOINT WARNING * * *
A kobold comes into view. It is wielding a +0 short sword.
The leopard gecko closely misses you.
A frilled lizard comes into view.
The kobold hits you but does no damage.
The teleport trap disappears.
The goblin disappears!
The leopard gecko barely misses you.
The kobold hits you with a +0 short sword.
You die...

. ### .... ... .#.#.
#.# . ....###.# ..#
#.......####..#
#...........##
#....@K.l....
#(...l..#..###
####...g#..#.$...
#......K......#
#.##..........#
#.##..........#
#.....)..#....#
#######.[##...###..##
.............## #...


You could see a leopard gecko, a hobgoblin, 2 kobolds and a frilled lizard.

Vanquished Creatures
  A giant cockroach (D:1)
  A hobgoblin (D:1)
  A frilled lizard (D:1)
  A goblin (D:1)
  A rat (D:1)
5 creatures vanquished.

Notes
Turn   | Place    | Note
-------+----------+-------------------------------------------
     0 | D:1      | MisterOstroum the Vampire Rogue began the quest for the
                  | Orb.
     0 | D:1      | Reached XP level 1. HP: 13/13 MP: 2/2
   297 | D:1      | Slain by a kobold

Action                   || total
-------------------------++-------
Melee: Dagger            ||    17
       Bite              ||     1
  Use: Scroll            ||     1
 Stab: Sleeping          ||     4
Armor: Gold dragon scale ||     7
       Robe              ||     1
Dodge: Dodged            ||     2
